 Dungeon Sprint DCSS version 0.28-a0-239-g68911e0c57 (webtiles) character file.

Game seed: 1204263249008730797

1024 MikeHunt the Carver (level 8, -4/103 HPs)
             Began as a Naga Fighter on Aug 23, 2021.
             Was a Priest of Ru.
             Succumbed to a redback's poison
             ... in the Dungeon (Sprint VII: "The Pits").
             The game lasted 00:03:50 (953 turns).

MikeHunt the Carver (Naga Fighter)                   Turns: 953, Time: 00:03:50

Health: -4/103     AC:  9    Str: 19    XL:     8   Next: 22%
Magic:  8/8        EV:  7    Int:  8    God:    Ru [***...]
Gold:   0          SH: 11    Dex: 13    Spells: 7/7 levels left

rFire   . . .      SeeInvis +   m - +2 long sword (holy)
rCold   . . .      Faith    .   c - +0 kite shield
rNeg    . . .      Spirit   .   l - +3 scale mail
rPois   +          Reflect  .   (no helmet)
rElec   .          Harm     .   (no cloak)
rCorr   .          Rampage  .   (no gloves)
Will    .....      NoTele   +   (no barding)
Stlth   ..........              (no amulet)
HPRegen 0.27/turn               (no ring)
MPRegen 0.11/turn               (no ring)

@: berserking (expiring), lethally poisoned (-4 -> -36), quick
A: AC +2, large, see invisible, deformed body, poison resistance, slowness 2,
spit poison 1, inability to read while threatened, weak-willed 1, naga tail 1
a: Spit Poison, Renounce Religion, Draw Out Power


You were in the Dungeon.
You worshipped Ru.
Ru was most pleased with you.
You visited 1 branch

Inventory:

Hand Weapons
 a - a +0 long sword
 m - a +2 long sword of holy wrath (weapon)
Armour
 b - a +0 scale mail
 c - a +0 kite shield (worn)
 l - a +3 scale mail (worn)
Scrolls
 j - a scroll of blinking
Potions
 d - a potion of might
 e - 6 potions of curing
 f - 5 potions of heal wounds
 g - a potion of haste
 h - 4 potions of magic
 i - a potion of berserk rage
 k - a potion of invisibility


   Skills:
 - Level 3.0 Fighting
 + Level 13.9 Long Blades
 - Level 2.4 Armour
 - Level 9.0 Shields


You had 7 spell levels left.
You didn't know any spells.
Your spell library was empty.

Dungeon Overview and Level Annotations

Branches:
Dungeon (1/1)

Altars:
Ashenzari
Cheibriados
Dithmenos
Elyvilon
Fedhas
Gozag
Hepliaklqana
Kikubaaqudgha
Makhleb
Nemelex Xobeh
Okawaru
Qazlal
Ru
Sif Muna
Trog
Uskayaw
Vehumet
Wu Jian
Xom
Yredelemnul
Zin
The Shining One
Beogh
Jiyva
Lugonu


Innate Abilities, Weirdness & Mutations

Your serpentine skin is tough. (AC +2)
You have supernaturally acute eyesight. (SInv)
Armour fits poorly on your strangely shaped body.
Your system is resistant to poisons. (rPois)
You cover ground very slowly.
You can spit poison.
You sometimes lose the ability to read scrolls when taking damage.
You are slightly weak-willed. (Will-)
You have a snake-like lower body.


Message History

Your Long Blades skill increases to level 13!
You have reached level 8!
You feel agile.
Unknown command.
You hit the redback.
The redback is moderately wounded.
You feel extremely sick.
The ball python bites you but does no damage.
You slash the redback!
The redback is heavily wounded.
You feel extremely sick. You block the redback's attack.
You hit the redback.
The redback is almost dead.
* * * LOW HITPOINT WARNING * * *
You feel extremely sick. You block the redback's attack.
You block the ball python's attack.
You slash the redback!
You kill the redback!
* * * LOW HITPOINT WARNING * * *
You feel extremely sick.
You closely miss the ball python.
* * * LOW HITPOINT WARNING * * *
You feel very sick. You block the ball python's attack.
You can read scrolls again.
* * * LOW HITPOINT WARNING * * *
You feel extremely sick.
There is an open door here.
Things that are here:
a scorpion corpse; an adder corpse Unknown command.
You are too berserk!
Okay, then.
Unknown command.
You slash the ball python!
You kill the ball python!
* * * LOW HITPOINT WARNING * * *
You feel very sick.
You die...

#.#))#.....##.......#
#)#.[###÷####.......#
#)##'#.....##...<...#
#.#........##.......#
#)#........##.......#
#)###########.......#
#†......#.. #########
#..###..#.######
#.......#@#....#
##.###.##†#....#
#..)....#.'†...+
#..###..#†#....#
#..)....).#....#
################


There were no monsters in sight!

Vanquished Creatures
  A dream sheep (D)
  A redback (D)
  A tarantella (D)
  A floating eye (D)
  A black bear (D)
  2 scorpions (D)
  A jelly (D)
  An orc priest (D)
  A gnoll shaman (D)
  An adder (D)
  A river rat (D)
  A worm (D)
  3 orcs (D)
  A ball python (D)
  A goblin (D)
  A hobgoblin (D)
  4 jackals (D)
  A quokka (D)
  2 frilled lizards (D)
  A kobold (D)
  2 rats (D)
29 creatures vanquished.

Vanquished Creatures (others)
  A floating eye (D)
  An orc wizard (D)
2 creatures vanquished.

Grand Total: 31 creatures vanquished

Notes
Turn   | Place    | Note
-------+----------+-------------------------------------------
     0 | D        | MikeHunt the Naga Fighter began the quest for the Orb.
     0 | D        | Reached XP level 1. HP: 21/21 MP: 1/1
    17 | D        | Found a bloodstained altar of Trog.
    17 | D        | Found a shimmering blue altar of Sif Muna.
    17 | D        | Found a viscous altar of Jiyva.
    17 | D        | Found a hazy altar of Hepliaklqana.
    17 | D        | Found an opulent altar of Gozag.
    18 | D        | Found a glowing golden altar of the Shining One.
    18 | D        | Found a glowing silver altar of Zin.
    18 | D        | Found a basalt altar of Yredelemnul.
    18 | D        | Found a shimmering altar of Xom.
    18 | D        | Found an ornate altar of the Wu Jian Council.
    18 | D        | Found a sacrificial altar of Ru.
    18 | D        | Found a stormy altar of Qazlal.
    18 | D        | Found an iron altar of Okawaru.
    18 | D        | Found a sparkling altar of Nemelex Xobeh.
    18 | D        | Found a burning altar of Makhleb.
    18 | D        | Found a blossoming altar of Fedhas.
    18 | D        | Found a white marble altar of Elyvilon.
    18 | D        | Found a shadowy altar of Dithmenos.
    18 | D        | Found a snail-covered altar of Cheibriados.
    19 | D        | Found a radiant altar of Vehumet.
    19 | D        | Found a corrupted altar of Lugonu.
    20 | D        | Found a hide-covered altar of Uskayaw.
    20 | D        | Found an ancient bone altar of Kikubaaqudgha.
    20 | D        | Found a broken altar of Ashenzari.
    22 | D        | Became a worshipper of Ru the Awakened
   113 | D        | Reached skill level 3 in Long Blades
   125 | D        | Reached XP level 2. HP: 10/28 MP: 2/2
   141 | D        | Gained mutation: You are slightly weak-willed. (Will-) [Ru
                  | sacrifice]
   141 | D        | Reached * piety under Ru
   311 | D        | Noticed a floating eye
   311 | D        | Noticed a scorpion
   312 | D        | Noticed a black bear
   313 | D        | Paralysed by a floating eye for 2 turns
   317 | D        | Killed a floating eye
   318 | D        | Reached skill level 6 in Long Blades
   318 | D        | Reached XP level 3. HP: 31/34 MP: 3/3
   318 | D        | Reached XP level 4. HP: 39/42 MP: 4/4
   321 | D        | Killed a scorpion
   322 | D        | Reached skill level 7 in Long Blades
   322 | D        | Reached XP level 5. HP: 49/49 MP: 5/5
   329 | D        | Killed a black bear
   330 | D        | Reached skill level 9 in Long Blades
   330 | D        | Reached XP level 6. HP: 37/56 MP: 6/6
   755 | D        | Gained mutation: You sometimes lose the ability to read
                  | scrolls when taking damage. [Ru sacrifice]
   755 | D        | Reached ** piety under Ru
   755 | D        | Reached *** piety under Ru
   760 | D        | Reached skill level 10 in Long Blades
   870 | D        | Noticed a dream sheep
   876 | D        | Killed a dream sheep
   877 | D        | Reached skill level 11 in Long Blades
   877 | D        | Reached XP level 7. HP: 62/62 MP: 7/7
   882 | D        | Paralysed by a floating eye for 3 turns
   892 | D        | Reached skill level 12 in Long Blades
   937 | D        | Noticed a redback
   937 | D        | Noticed a tarantella
   945 | D        | Killed a tarantella
   946 | D        | Reached skill level 13 in Long Blades
   946 | D        | Reached XP level 8. HP: 51/69 MP: 8/8
   949 | D        | Killed a redback
   952 | D        | HP: 2/103 [poisoned by a redback]
   953 | D        | Succumbed to a redback's poison

Illustrated notes

Levels and vault maps discovered:
D:        pitsprint [storerooms_1, entrance_room_1, metal_vault_5, armoury_1,
          mini_pit_1, grid_room_1, main_hall_1, silver_pit, the_coven_1,
          the_vestibule_1, steel_vault_1, golden_pit, hallway_of_sentries,
          crystal_vault_2, iron_vault_2, final_vault]

Skill      XL: |  1  2  3  4  5  6  7 |
---------------+----------------------+-----
Shields        | 3 6 7 9 |  9.0
Long Blades    | 3 6 7 9 11 13 | 13.9
Fighting       | |  3.0
Armour         | |  2.4

Action                   |  1- 3 |  4- 6 |  7- 9 || total
-------------------------+-------+-------+-------++-------
Melee: Long sword        |    26 |    75 |    25 ||   126
Invok: Sacrifice Essence |     1 |       |       ||     1
       Sacrifice Words   |       |     1 |       ||     1
 Abil: Spit Poison       |     2 |     2 |     1 ||     5
  Use: Potion            |       |     3 |     1 ||     4
 Stab: Invisible         |       |     3 |       ||     3
Armor: Scale mail        |    14 |    11 |     6 ||    31
Dodge: Dodged            |    10 |     7 |     7 ||    24
Block: Kite shield       |    16 |    24 |    13 ||    53
       Rpst.: Long sword |     6 |     1 |     2 ||     9

Table legend: (Time is in decaauts)
 A = Elapsed time spent in this place.
 B = Non-inter-level travel time spent in this place.
 C = Inter-level travel time spent in this place.
 D = Time resting spent in this place.
 E = Time spent auto-exploring this place.
 F = Levels seen in this place.
 G = Mean time per level.
                   A        B        C        D        E       F      G
               +--------+--------+--------+--------+--------+-----+--------+
         Total |   1010 |   1010 |      0 |    664 |      0 |   1 | 1010.0 |
       Dungeon |   1010 |   1010 |      0 |    664 |      0 |   1 | 1010.0 |
               +--------+--------+--------+--------+--------+-----+--------+

Top non-repeatable levels by time:
       D: 1010 daAuts
